 Dungeon Crawl Stone Soup version 0.29.1-1-gd02db6906a (console) character file.

Game seed: 8971576301350797795

1 sentinel the Digger (level 1, -3/14 HPs)
             Began as a Meteoran Earth Elementalist on Oct 14, 2022.
             Slain by a kobold
             ... wielding a +0 whip
              (5 damage)
             ... on level 1 of the Dungeon.
             The game lasted 00:00:01 (40 turns).

sentinel the Digger (Meteoran Earth Elementalist)     Turns: 40, Time: 00:00:01

Health: -3/14      AC:  2    Str:  9    XL:     1   Next: 28%
Magic:  1/5        EV: 12    Int: 16    God:
Gold:   0          SH:  0    Dex: 14    Spells: 4/5 levels left

rFire   . . .      SeeInvis .   (no weapon)
rCold   . . .      Faith    .   (no shield)
rNeg    . . .      Spirit   .   a - +0 robe
rPois   .          Reflect  .   (no helmet)
rElec   .          Harm     .   (no cloak)
rCorr   .          Rampage  .   (no gloves)
Will    .....                   (no boots)
Stlth   +.........              (no amulet)
HPRegen 0.04/turn               (no ring)
MPRegen 0.09/turn               (no ring)

@: glowing
A: sense surroundings 1, otherworldly, glowing, explore regen
a: no special abilities


You were on level 1 of the Dungeon.
You visited 1 branch of the dungeon, and saw 1 of its levels.

Inventory:

Missiles
 c - 2 javelins
Armour
 a - a +0 robe (worn)
Potions
 b - a potion of magic


   Skills:
 - Level 2.4 Dodging
 - Level 1.4 Stealth
 - Level 2.6 Spellcasting
 - Level 1.2 Transmutations
 + Level 3.7 Earth Magic


You had 4 spell levels left.
You knew the following spells:

 Your Spells              Type           Power      Damage    Failure   Level
a - Sandblast             Erth           28%        2d8       4%          1

Your spell library contained the following spells:

 Spells                   Type           Power      Damage    Failure   Level
 Passwall                 Tmut/Erth      8%         N/A       11%         2
 Stone Arrow              Conj/Erth      16%        3d8       26%         3
 Gell's Gravitas          Tloc           2%         N/A       50%         3
 Teleport Other           Tloc           2%         N/A       50%         3
 Petrify                  Tmut/Erth      10%        N/A       56%         4
 Dispersal                Tloc           1%         N/A       100%        6


Dungeon Overview and Level Annotations

Branches:
Dungeon (1/15) Zot: 556

Altars:


Innate Abilities, Weirdness & Mutations

You passively map a small area around you.
You are easily found by Zot.
You glow in the dark.
You regain HP and MP as you explore.


Message History

Welcome, sentinel the Meteoran Earth Elementalist.
They say the Orb of Zot lies within this dungeon, but they say a lot of things.
Press ? for a list of commands and other information.
Found 2 javelins, 3 stones and a There-And-Back Book.
Found an escape hatch in the floor.
Found a staircase leading out of the dungeon.
Unknown command.
Unknown command.
Unknown command.
You pick up a There-And-Back Book and begin reading...
You add the spells Gell's Gravitas, Teleport Other and Dispersal to your library.
Unknown command.
There is an escape hatch in the floor here.
c - 2 javelins You open the door.
Found 12 gold pieces and 8 stones.
Unknown command.
You open the door.
There is an open door here.
There is an open door here.
You open the door.
There is an open door here.
You open the gate.
Found a stone staircase leading down.
Unknown command.
There is an open gate here.
A kobold comes into view. It is wielding a +0 whip.
Unknown command.
But you're not safe!
Unknown command.
A hobgoblin and a kobold come into view.
Found a scroll labelled AMEUNYEXERCH.
The kobold shouts!
You hear a shout! x2
A kobold comes into view. It is wielding a +0 short sword.
The kobold throws a stone.
The stone misses you.
The kobold shouts!
A goblin comes into view. It is wielding a +0 dagger.
The kobold throws a stone.
The stone hits you.
The blast of sand hits the hobgoblin but does no damage.
A frilled lizard comes into view.
A goblin comes into view. It is wielding a +0 dagger.
Unknown command.
The blast of sand hits the kobold.
You kill the kobold!
The frilled lizard hisses angrily.
Unknown command.
The blast of sand hits the kobold.
You kill the kobold!
Unknown command.
The blast of sand hits the hobgoblin but does no damage.
The hobgoblin hits you. The kobold hits you with a +0 whip.
The hobgoblin hits you. The kobold closely misses you.
Unknown command.
You barely miss the hobgoblin.
An endoplasm comes into view.
The kobold completely misses you.
The hobgoblin hits you but does no damage.
The endoplasm quivers.
You hit the hobgoblin but do no damage. The goblin hits you but does no damage.
The kobold barely misses you.
A rat comes into view.
The hobgoblin hits you.
The blast of sand hits the hobgoblin.
The hobgoblin is heavily wounded.
The goblin hits you with a +0 dagger.
A frilled lizard comes into view.
The hobgoblin hits you but does no damage.
The kobold hits you but does no damage.
Unknown command.
You are out of magic!
Unknown command.
You are out of magic!
Unknown command.
You are out of magic!
Unknown command.
You barely miss the hobgoblin.
The hobgoblin is heavily wounded.
The frilled lizard hisses angrily.
The frilled lizard barely misses you. The hobgoblin barely misses you.
The kobold hits you with a +0 whip. The goblin hits you but does no damage.
You hit the hobgoblin but do no damage.
The hobgoblin is heavily wounded.
The hobgoblin closely misses you. The frilled lizard misses you.
The goblin closely misses you. The kobold hits you with a +0 whip.
You die...

, , * , ,, , #.. ...
#.#.., , ~ #.l
........## ,,
*#.....Kr?.....#### *
#......... #.##..## *~
#..)#.... *#.#....#####
#.......####.#(#§.###..
#....g#g#....'§§§§#8#..
#..gK@...#§.'..§§§§§..
#...l..#..>.'.§..#8#..
#.#...=..§..#§.§.###..
# #.##...####....#####
.......## ##..## #~
#.##......* * ####* ###
*. ###..... * , #...
##...## ,#..~~ , ##..#
,#..~~


You could see a hobgoblin, 2 goblins, a kobold, 2 frilled lizards and a rat.

Vanquished Creatures
  2 kobolds (D:1)
2 creatures vanquished.

Notes
Turn   | Place    | Note
-------+----------+-------------------------------------------
     0 | D:1      | sentinel the Meteoran Earth Elementalist began the quest
                  | for the Orb.
     0 | D:1      | Reached XP level 1. HP: 14/14 MP: 5/5
    40 | D:1      | Slain by a kobold

Illustrated notes

Levels and vault maps discovered:
D:1:      shiori_arrival_elements, layout_rooms

Action                   || total
-------------------------++-------
Melee: Unarmed           ||     4
 Cast: Sandblast         ||     5
Armor: Robe              ||     5
Dodge: Dodged            ||     9
